 Dungeon Crawl Stone Soup version 0.30.0-29-ga12c61a403 (webtiles) character file.

Game seed: 8484918028338361746

185 GimliDwarf the Changer (level 5, -6/38 HPs)
             Began as a Gnoll Wanderer on June 17, 2023.
             Mangled by a gnoll bouda
             ... wielding a +0 club
              (7 damage)
             ... on level 4 of the Dungeon.
             The game lasted 00:10:47 (3206 turns).

GimliDwarf the Changer (Gnoll Wanderer)             Turns: 3206, Time: 00:10:48

Health: -6/38      AC:  3    Str: 10    XL:     5   Next: 64%
Magic:  1/9        EV: 11    Int: 15    God:
Gold:   105        SH:  0    Dex: 11    Spells: 7/10 levels left

rFire   . . .        n - +1 whip (pain)
rCold   . . .        (no shield)
rNeg    . . .        k - +0 leather armour
rPois   .            (no helmet)
rElec   .            (no cloak)
rCorr   .            (no gloves)
SInv    .            (no boots)
Will    .....        (no amulet)
Stlth   ++           (no ring)
HPRegen 0.26/turn    (no ring)
MPRegen 0.11/turn

%: clarity
@: no status effects
A: fangs 1, strong nose, distributed training, clarity
a: no special abilities


You were on level 4 of the Dungeon.
You visited 1 branch of the dungeon, and saw 4 of its levels.

You collected 129 gold pieces.
You spent 24 gold pieces at shops.

Inventory:

Hand Weapons
 n - a +1 whip of pain (weapon)
Missiles
 e - 6 silver javelins
Armour
 k - a +0 leather armour (worn)
Scrolls
 a - a scroll of noise {unknown}
 b - a scroll of teleportation
 c - a scroll of fog {unknown}
 d - a scroll of enchant weapon {unknown}
 f - a scroll of poison {unknown}
 g - a scroll of fear {unknown}
 j - a scroll of immolation {unknown}
 m - 2 scrolls of torment {unknown}
Potions
 h - a potion of curing {unknown}


   Skills:
 + Level 1.6 Fighting
 + Level 1.6 Short Blades
 + Level 1.6 Long Blades
 + Level 1.6 Axes
 + Level 1.6 Maces & Flails
 + Level 1.6 Polearms
 + Level 1.6 Staves
 + Level 1.6 Ranged Weapons
 + Level 3.1 Throwing
 + Level 4.8 Armour
 + Level 1.6 Dodging
 + Level 2.9 Stealth
 + Level 1.6 Shields
 + Level 1.6 Unarmed Combat
 + Level 3.2 Spellcasting
 + Level 1.3 Conjurations
 + Level 1.3 Hexes
 + Level 1.3 Summonings
 + Level 1.3 Necromancy
 + Level 1.3 Translocations
 + Level 5.6 Transmutations
 + Level 4.0 Fire Magic
 + Level 1.3 Ice Magic
 + Level 1.3 Air Magic
 + Level 1.3 Earth Magic
 + Level 1.3 Poison Magic
 + Level 1.9 Invocations
 + Level 1.6 Evocations


You had 7 spell levels left.
You knew the following spells:

 Your Spells              Type           Power      Damage    Failure   Level
a - Beastly Appendage     Tmut           38%        N/A       2%          1
b - Foxfire               Conj/Fire      40%        2x1d6     9%          1
c - Necrotise             Necr           24%        1d5       16%         1

Your spell library contained the following spells:

 Spells                   Type           Power      Damage    Failure   Level
 Apportation              Tloc           12%        N/A       16%         1
 Summon Small Mammal      Summ           24%        N/A       16%         1
 Spider Form              Tmut/Pois      12%        N/A       19%         3
 Inner Flame              Hex/Fire       10%        N/A       26%         3
 Flame Wave               Conj/Fire      10%        2d6       63%         4


Dungeon Overview and Level Annotations

Branches:
Dungeon (4/15)
 Temple: D:4-7

Altars:
Cheibriados
Wu Jian
Zin

Shops:
D:2 *   D:3 *   D:4 *


Innate Abilities, Weirdness & Mutations

You have very sharp teeth.
Your uncanny sense of smell can sniff out nearby items.
Your experience applies equally to all skills.
You possess an exceptional clarity of mind.


Message History

The gnoll hits you from afar with a +0 spear!
Casting: Foxfire (safe; 9% risk of failure)
Press: ? - help, Q - select action, (/) - cycle Dir - look around, f - activate You conjure some foxfire!
The gnoll closely misses you. The orc misses you.
You closely miss the orc.
The orc is moderately wounded.
The foxfire hits the orc.
You kill the orc!
The foxfire hits the gnoll bouda.
The gnoll bouda is lightly wounded.
The gnoll hits you from afar with a +0 spear!
Casting: Foxfire (safe; 9% risk of failure)
Press: ? - help, Q - select action, (/) - cycle Dir - look around, f - activate You conjure some foxfire!
The gnoll closely misses you.
The gnoll bouda hits you with a +0 club.
You barely miss the gnoll bouda. You bite the gnoll bouda.
The gnoll bouda is moderately wounded.
The foxfire hits the gnoll bouda.
The gnoll bouda is heavily wounded.
The foxfire hits the gnoll bouda.
The gnoll bouda is almost dead.
The gnoll closely misses you.
Casting: Foxfire (safe; 9% risk of failure)
Press: ? - help, Q - select action, (/) - cycle Dir - look around, f - activate You conjure some foxfire!
The gnoll misses you.
The gnoll bouda hits you with a +0 club!
* * * LOW HITPOINT WARNING * * *
You closely miss the gnoll bouda. Your bite misses the gnoll bouda.
The gnoll bouda is almost dead.
The foxfire hits the gnoll bouda but does no damage.
The gnoll bouda is almost dead.
The foxfire hits the gnoll bouda but does no damage.
The gnoll bouda is almost dead.
The gnoll hits you from afar with a +0 spear!
* * * LOW HITPOINT WARNING * * *
The gnoll bouda hits you with a +0 club!
You die...

..~. P .## .P g
#. #.
..####.#####.##
∩...............
..........# ...
......).†###....
..>....)g.......
......g)@.......
.......####.....
..##### .###. #
# ∆ ∆


You could see a gnoll bouda and a gnoll (swift).

Vanquished Creatures
  Natasha (D:2)
  2 gnolls (D:4)
  6 adders
  A worm (D:3)
  2 dart slugs (D:2)
  4 orcs
  6 bats
  3 endoplasms (D:2)
  A giant cockroach (D:2)
  10 goblins
  7 hobgoblins
  A jackal (D:2)
  A quokka (D:3)
  13 ball pythons
  3 frilled lizards
  10 kobolds
  8 rats
79 creatures vanquished.

Vanquished Creatures (others)
  87 foxfires
87 creatures vanquished.

Grand Total: 166 creatures vanquished

Notes
Turn   | Place    | Note
-------+----------+-------------------------------------------
     0 | D:1      | GimliDwarf the Gnoll Wanderer began the quest for the Orb.
     0 | D:1      | GimliDwarf set off with the following items: a +0 dagger, a
                  | scroll of teleportation, a +0 scale mail; and the following
                  | spells available to memorise: Beastly Appendage, Foxfire,
                  | Spider Form, Inner Flame, Flame Wave.
     0 | D:1      | Reached XP level 1. HP: 13/13 MP: 4/4
     2 | D:1      | Learned a level 1 spell: Beastly Appendage
   130 | D:1      | Reached XP level 2. HP: 19/19 MP: 3/5
   750 | D:1      | Reached XP level 3. HP: 16/25 MP: 7/7
   752 | D:1      | Learned a level 1 spell: Foxfire
  1066 | D:2      | Reached skill level 1 in Invocations
  1114 | D:2      | Reached skill level 1 in Fighting
  1114 | D:2      | Reached skill level 1 in Short Blades
  1114 | D:2      | Reached skill level 1 in Long Blades
  1114 | D:2      | Reached skill level 1 in Axes
  1114 | D:2      | Reached skill level 1 in Maces & Flails
  1114 | D:2      | Reached skill level 1 in Polearms
  1114 | D:2      | Reached skill level 1 in Staves
  1114 | D:2      | Reached skill level 1 in Ranged Weapons
  1114 | D:2      | Reached skill level 1 in Dodging
  1114 | D:2      | Reached skill level 1 in Shields
  1114 | D:2      | Reached skill level 1 in Unarmed Combat
  1114 | D:2      | Reached skill level 1 in Evocations
  1294 | D:2      | Found a snail-covered altar of Cheibriados.
  1326 | D:2      | Reached XP level 4. HP: 32/32 MP: 5/8
  1661 | D:2      | Reached skill level 1 in Conjurations
  1661 | D:2      | Reached skill level 1 in Hexes
  1661 | D:2      | Reached skill level 1 in Summonings
  1661 | D:2      | Reached skill level 1 in Necromancy
  1661 | D:2      | Reached skill level 1 in Translocations
  1661 | D:2      | Reached skill level 1 in Ice Magic
  1661 | D:2      | Reached skill level 1 in Air Magic
  1661 | D:2      | Reached skill level 1 in Earth Magic
  1661 | D:2      | Reached skill level 1 in Poison Magic
  1752 | D:2      | Found Byseamel's General Store.
  1760 | D:2      | Bought a scroll of identify for 24 gold pieces
  2176 | D:3      | Noticed Natasha
  2186 | D:2      | Killed Natasha
  2187 | D:2      | Reached XP level 5. HP: 15/37 MP: 5/9
  2508 | D:3      | Learned a level 1 spell: Necrotise
  2512 | D:3      | Found an ornate altar of the Wu Jian Council.
  2801 | D:3      | Found a faded altar of an unknown god.
  2838 | D:3      | Found a glowing silver altar of Zin.
  2903 | D:3      | Gained mutation: You possess an exceptional clarity of
                  | mind. [potion of mutation]
  3064 | D:3      | Found Kinky's Assorted Antiques.
  3185 | D:4      | Found Mybinets's General Store.
  3206 | D:4      | HP: 1/38 [gnoll/+0 spear[a gnoll bouda] (8)]
  3206 | D:4      | Mangled by a gnoll bouda

Illustrated notes

Levels and vault maps discovered:
D:1:      saegor_arrival_under_anarchy, layout_basic
D:2:      minmay_skewed_foursquare, layout_basic, basic_altar, serial_shops,
          shop, minmay_hedge_maze, minmay_fractal_squares_gapless_5
D:3:      layout_basic, mainiacjoe_overflow_concentric_impassable,
          general_overflow_altar, serial_shops, nicolae_shop_waterfront,
          ebering_ecumenical_altar_ruins, uniq_natasha
D:4:      layout_rooms, mainiacjoe_overflow_paths, kennysheep_little_box,
          serial_shops, shop, portal_sewer_entry_a, serial_aquarium,
          aquarium_bridge_square [aquarium_subvault_wall,
          aquarium_subvault_window, aquarium_subvault_bridge,
          aquarium_subvault_bridge], aquarium_bridge_straight
          [aquarium_subvault_bridge, aquarium_subvault_balcony,
          aquarium_subvault_bridge, aquarium_subvault_window],
          aquarium_window_1, aquarium_window_fake, aquarium_window_corridor_3,
          aquarium_view_2b, aquarium_view_2d, aquarium_balcony_double_1,
          minmay_crystal_water, nicolae_shop_sticking_my_neck_out

Skill      XL: |  1  2  3  4  5 |
---------------+----------------+-----
Invocations    | 1 |  1.9
Fighting       | 1 |  1.6
Short Blades   | 1 |  1.6
Long Blades    | 1 |  1.6
Axes           | 1 |  1.6
Maces & Flails | 1 |  1.6
Polearms       | 1 |  1.6
Staves         | 1 |  1.6
Ranged Weapons | 1 |  1.6
Dodging        | 1 |  1.6
Shields        | 1 |  1.6
Unarmed Combat | 1 |  1.6
Evocations     | 1 |  1.6
Spellcasting   | 3 |  3.2
Conjurations   | 1 |  1.3
Hexes          | 1 |  1.3
Summonings     | 1 |  1.3
Necromancy     | 1 |  1.3
Translocations | 1 |  1.3
Ice Magic      | 1 |  1.3
Air Magic      | 1 |  1.3
Earth Magic    | 1 |  1.3
Poison Magic   | 1 |  1.3
Throwing       | 3 |  3.1
Fire Magic     | 4 |  4.0
Armour         | |  4.8
Stealth        | |  2.9
Transmutations | |  5.6

Action                     |  1- 3 |  4- 6 || total
---------------------------+-------+-------++-------
  Melee: Dagger            |    28 |       ||    28
         Kick              |    19 |       ||    19
         Bite              |    14 |     7 ||    21
         Headbutt          |     9 |       ||     9
         Short sword       |   102 |    12 ||   114
         Whip              |       |    47 ||    47
         Punch             |       |     2 ||     2
   Cast: Beastly Appendage |    16 |       ||    16
         Foxfire           |     3 |    48 ||    51
    Use: Scroll            |       |     3 ||     3
         Potion            |       |     1 ||     1
   Stab: Sleeping          |       |     1 ||     1
 Armour: Scale mail        |    65 |       ||    65
         Leather armour    |       |    21 ||    21
  Dodge: Dodged            |    62 |    38 ||   100
